[Event "Titled Tuesday Blitz November 08 Early 2022"]
[White "Reprintsev, Alexander"]
[Black "Tuncer, Tuna"]
[WhiteFideId "14100541"]
[BlackFideId "6349269"]
[WhiteElo "2230"]
[BlackElo "2216"]
[Result "1-0"]
[Round "08"]
[TimeControl "180+1"]
[Date "2022.11.09"]
[WhiteClock "0:00:26"]
[BlackClock "0:00:02"]

1. e4 g6 2. d4 Bg7 3. Nc3 d6 4. h4 h5 5. Nf3 Bg4 6. Be2 Bxf3 7. gxf3 Nc6 8. Be3 e5 9. Bb5 Ne7 10. d5 a6 11. Ba4 b5 12. Nxb5 axb5 13. Bxb5 Rb8 14. a4 Rxb5 15. axb5 Nd4 16. c3 Nxb5 17. Qa4 Qd7 18. Qa8+ Nc8 19. Ra5 O-O 20. Qb7 Nd4 21. cxd4 exd4 22. Bg5 Nb6 23. Qc6 Qxc6 24. dxc6 Nc4 25. Ra7 Rc8 26. b4 d3 27. b5 Bc3+ 28. Kf1 Nb2 29. Kg2 d2 30. Bxd2 Bxd2 31. Rha1 Nc4 32. Ra8 Rxa8 33. Rxa8+ Kg7 34. Rc8 Ba5 35. f4 Kf6 36. f3 Bb6 37. Kg3 Na3 38. f5 gxf5 39. Rh8 1-0


[Site "https://www.chess.com"]

[Event "Titled Tuesday Blitz November 08 Early 2022"]
[White "Rios Escobar, Adan"]
[Black "Degenbaev, Aziz"]
[WhiteFideId "3403645"]
[BlackFideId "13802640"]
[WhiteElo "2357"]
[BlackElo "2039"]
[Result "0-1"]
[Round "08"]
[TimeControl "180+1"]
[Date "2022.11.09"]
[WhiteClock "0:00:05"]
[BlackClock "0:00:15"]

1. d4 Nf6 2. g3 g6 3. Bg2 c5 4. d5 d6 5. c4 Bg7 6. Nc3 O-O 7. Nf3 e6 8. O-O exd5 9. cxd5 Na6 10. Re1 Nc7 11. a4 Re8 12. h3 Rb8 13. e4 a6 14. a5 b5 15. axb6 Rxb6 16. e5 dxe5 17. Nxe5 Bb7 18. Nc6 Bxc6 19. dxc6 Rxe1+ 20. Qxe1 Nfe8 21. Ra4 Bd4 22. Nd1 Nf6 23. Be3 Bxe3 24. Nxe3 Rxb2 25. Nc4 Rc2 26. Ne5 Qe7 27. Qd1 Rb2 28. Nd3 Rb8 29. Rh4 Rd8 30. Qc2 Ne6 31. Ra4 Nd4 32. Qb1 Ne2+ 33. Kh2 Nc3 34. Qa2 Nxa2 35. Rxa2 Rxd3 36. Rxa6 c4 37. Ra8+ Kg7 38. Bf1 Rd6 39. Kg1 Rxc6 40. Ra4 c3 41. Ra2 c2 42. Ra1 c1=Q 43. Rxc1 Rxc1 44. h4 Qe1 45. h5 Qxf1+ 46. Kh2 Qh1# 0-1


[Site "https://www.chess.com"]

[Event "Titled Tuesday Blitz November 08 Early 2022"]
[White "Rodriguez Fontecha, Marcos"]
[Black "Taboas Rodriguez, Daniel"]
[WhiteFideId "2256576"]
[BlackFideId "2208466"]
[WhiteElo "2263"]
[BlackElo "2329"]
[Result "1-0"]
[Round "08"]
[TimeControl "180+1"]
[Date "2022.11.09"]
[WhiteClock "0:01:03"]
[BlackClock "0:00:25"]

1. d4 Nf6 2. Nf3 g6 3. Bg5 Bg7 4. Nbd2 O-O 5. c3 d5 6. e3 b6 7. b4 a5 8. b5 c5 9. bxc6 Nxc6 10. Bd3 Ba6 11. Bxa6 Rxa6 12. Qe2 Qa8 13. Rb1 Rb8 14. O-O Ra7 15. Bf4 Rc8 16. Rxb6 a4 17. Rfb1 Nh5 18. Bg5 h6 19. Bh4 g5 20. Ne1 Nf6 21. Bg3 Nd7 22. R6b5 Ra5 23. c4 Rxb5 24. cxb5 Na5 25. b6 Qb7 26. Qb5 Nc4 27. Nxc4 Rxc4 28. h3 Bf8 29. Nd3 e6 30. Qa5 a3 31. Qa7 Qc6 32. b7 Rc3 33. Nc5 Bxc5 34. dxc5 Rxc5 35. Be5 Rc1+ 36. Rxc1 Qxc1+ 37. Kh2 Qb1 38. b8=Q+ Nxb8 39. Qxb8+ Qxb8 40. Bxb8 1-0


[Site "https://www.chess.com"]

[Event "Titled Tuesday Blitz November 08 Early 2022"]
[White "Ronka, Erik"]
[Black "Matinian, Nikita"]
[WhiteFideId "505080"]
[BlackFideId "24129100"]
[WhiteElo "2264"]
[BlackElo "2422"]
[Result "0-1"]
[Round "08"]
[TimeControl "180+1"]
[Date "2022.11.09"]
[WhiteClock "0:00:06"]
[BlackClock "0:00:51"]

1. e4 e5 2. Nf3 Nc6 3. Bb5 a6 4. Ba4 Bc5 5. c3 Nge7 6. O-O Ng6 7. d4 Ba7 8. Bg5 f6 9. Be3 O-O 10. Nbd2 Kh8 11. Re1 d6 12. h3 Bd7 13. Bc2 Nf4 14. Bxf4 exf4 15. Nf1 Qe8 16. Qd2 g5 17. Rad1 Rd8 18. b4 Rg8 19. N1h2 h5 20. a4 Qf8 21. b5 axb5 22. axb5 Ne7 23. c4 g4 24. hxg4 hxg4 25. Qxf4 Ng6 26. Qe3 gxf3 27. Nxf3 Qg7 28. g3 Qe7 29. Kg2 Kg7 30. Rh1 Rh8 31. e5 dxe5 32. Bxg6 Kxg6 33. Nh4+ Kf7 34. Qe4 Rdg8 35. Nf5 Bxf5 36. Qxf5 Qe6 37. Rh7+ Rxh7 38. Qxh7+ Rg7 39. Qh5+ Ke7 40. dxe5 fxe5 41. Re1 Bd4 42. Re4 Qg6 43. Qh4+ Kd7 44. f3 Qg5 45. Qh3+ Kd6 46. Re2 Kc5 47. g4 Qc1 48. Qh5 Qg1+ 49. Kh3 Qh1+ 50. Rh2 Qxf3+ 51. Kh4 Bf2+ 0-1


[Site "https://www.chess.com"]

[Event "Titled Tuesday Blitz November 08 Early 2022"]
[White "Roque Sola, Jose Luis"]
[Black "Shapiro, Daniel"]
[WhiteFideId "5120390"]
[BlackFideId "2001780"]
[WhiteElo "2117"]
[BlackElo "2299"]
[Result "0-1"]
[Round "08"]
[TimeControl "180+1"]
[Date "2022.11.09"]
[WhiteClock "0:00:01"]
[BlackClock "0:00:19"]

1. c4 e5 2. Nc3 Nf6 3. Nf3 Nc6 4. g3 d5 5. cxd5 Nxd5 6. Nxd5 Qxd5 7. d3 Be7 8. Bg2 O-O 9. O-O Qd6 10. Nd2 Be6 11. b3 f6 12. Bb2 Qd7 13. Re1 Bd5 14. Bxd5+ Qxd5 15. Rc1 Rad8 16. Qc2 Rd7 17. Qc4 Kh8 18. Qxd5 Rxd5 19. Ne4 f5 20. Nc3 Ra5 21. Na4 Rc8 22. Bc3 Ra6 23. Bd2 Nd4 24. Be3 Ne6 25. Rc2 f4 26. Bc1 Bb4 27. Bd2 Bd6 28. Rec1 Nd4 29. gxf4 Nxe2+ 30. Kf1 Nxc1 0-1


[Site "https://www.chess.com"]

[Event "Titled Tuesday Blitz November 08 Early 2022"]
[White "Rosh Jain"]
[Black "Sovetbekova, Nurai"]
[WhiteFideId "25789465"]
[BlackFideId "13801910"]
[WhiteElo "2233"]
[BlackElo "1925"]
[Result "0-1"]
[Round "08"]
[TimeControl "180+1"]
[Date "2022.11.09"]
[WhiteClock "0:00:01"]
[BlackClock "0:00:05"]

1. e4 c5 2. Nf3 d6 3. d4 cxd4 4. Nxd4 Nf6 5. Nc3 a6 6. Bc4 e6 7. Bb3 b5 8. Bg5 Nbd7 9. O-O Nc5 10. f4 Be7 11. e5 dxe5 12. fxe5 Nfe4 13. Nxe4 Nxe4 14. Bxe7 Qxe7 15. Qg4 Bb7 16. Qxg7 O-O-O 17. Rxf7 Qc5 18. Bxe6+ Kb8 19. Rxb7+ Ka8 20. c3 Rxd4 21. Ra7+ Qxa7 22. Qxa7+ Kxa7 23. cxd4 Re8 24. Bf5 Nd2 25. Rd1 Nc4 26. Bxh7 Nxb2 27. Rd2 Nc4 28. Rd1 Kb6 29. Be4 a5 30. Bd5 Ne3 31. Bb3 Nxd1 32. Bxd1 Rd8 33. Bb3 Rxd4 34. e6 Rd8 35. Kf2 Re8 36. Ke3 a4 37. Bd5 Kc5 38. Ke4 Rd8 39. Bb7 Kd6 40. Bd5 Kc5 41. Bb7 Rb8 0-1


[Site "https://www.chess.com"]

[Event "Titled Tuesday Blitz November 08 Early 2022"]
[White "Roux, Baptiste"]
[Black "Grot, Blazej"]
[WhiteFideId "36017450"]
[BlackFideId "21835845"]
[WhiteElo "2077"]
[BlackElo "1822"]
[Result "0-1"]
[Round "08"]
[TimeControl "180+1"]
[Date "2022.11.09"]
[WhiteClock "0:00:03"]
[BlackClock "0:00:05"]

1. e4 c5 2. Nc3 e6 3. g3 Nc6 4. Bg2 Nge7 5. Nge2 d5 6. exd5 exd5 7. d4 Bg4 8. dxc5 d4 9. Ne4 Ng6 10. h3 Bf5 11. O-O Bxe4 12. Bxe4 Bxc5 13. a3 O-O 14. b4 Bb6 15. Bb2 Nge5 16. b5 Na5 17. Bxd4 Bxd4 18. Qxd4 Qe7 19. Qb4 Qc7 20. Nf4 Nac4 21. Rfd1 Rad8 22. Nd5 Qb8 23. f4 Nb6 24. Nxb6 axb6 25. fxe5 Qxe5 26. Kh2 f5 27. Bg2 Rxd1 28. Rxd1 f4 29. Qc4+ Kh8 30. gxf4 Rxf4 31. Kh1 h5 32. Rd8+ Kh7 33. Qg8+ Kh6 34. Qh8+ Kg6 35. Rd1 Rf2 36. Qc8 Rxg2 37. Kxg2 Qe2+ 38. Kg3 Qxd1 39. Qe6+ Kh7 40. Qe4+ Kh6 41. Qf4+ g5 42. Qf6+ Kh7 43. Qe7+ Kh6 44. Qxb7 Qe1+ 45. Kg2 Qe2+ 46. Kg3 Qe3+ 47. Qf3 Qe5+ 48. Kg2 Qxb5 49. Qf6+ Kh7 50. c3 Qe2+ 51. Qf2 Qe4+ 52. Kg1 Qb1+ 53. Kh2 Qb5 54. Qf7+ Kh6 55. Qf6+ Kh7 56. a4 Qe2+ 57. Kg1 Qe1+ 58. Qf1 Qe3+ 59. Qf2 Qxc3 60. Qxb6 Qxh3 61. a5 Qg3+ 62. Kf1 h4 63. a6 h3 64. a7 Qg2+ 65. Ke1 h2 66. Qb7+ Qxb7 0-1


[Site "https://www.chess.com"]

[Event "Titled Tuesday Blitz November 08 Early 2022"]
[White "Safin, Robert"]
[Black "Berdychevskaya, Natasha"]
[WhiteFideId "34189120"]
[BlackFideId "4159322"]
[WhiteElo "2253"]
[BlackElo "2108"]
[Result "1-0"]
[Round "08"]
[TimeControl "180+1"]
[Date "2022.11.09"]
[WhiteClock "0:00:07"]
[BlackClock "0:00:04"]

1. d4 d5 2. Nf3 c5 3. g3 cxd4 4. Bg2 Nf6 5. Nxd4 Nc6 6. O-O e6 7. c4 Bc5 8. Nb3 Be7 9. cxd5 exd5 10. Nc3 Be6 11. Bg5 O-O 12. Bxf6 Bxf6 13. Nxd5 Bxb2 14. Rb1 Ba3 15. e4 Rc8 16. Nd4 Nxd4 17. Qxd4 Bc5 18. Qa4 Bxd5 19. exd5 Rc7 20. Rfe1 Qd6 21. Qe4 g6 22. h4 h5 23. Qe5 Qxe5 24. Rxe5 Bd6 25. Re2 b6 26. Bf1 Rfc8 27. Rd2 Rc2 28. Rb2 Rxb2 29. Rxb2 Kf8 30. Bb5 Rc3 31. Bc6 Ke7 32. Re2+ Kf6 33. a4 Rd3 34. Kg2 a5 35. Rb2 Bc5 36. Rc2 Rd4 37. Re2 Rd3 38. f3 Rd4 39. Re8 Rd2+ 40. Kh3 Bg1 41. g4 hxg4+ 42. fxg4 Rd3+ 43. Kg2 Bc5 44. g5+ Kg7 45. Re4 Rd4 46. Kf3 Rxe4 47. Kxe4 Bd6 48. Bd7 f5+ 49. Bxf5 gxf5+ 50. Kxf5 Kf7 51. h5 b5 52. axb5 a4 53. h6 a3 54. g6+ Kg8 55. Kf6 a2 56. h7+ Kh8 57. g7+ Kxh7 58. Kf7 a1=Q 59. g8=Q+ Kh6 60. Qg6# 1-0


[Site "https://www.chess.com"]

[Event "Titled Tuesday Blitz November 08 Early 2022"]
[White "Sailer, Mike"]
[Black "Santos Flores, Alberto"]
[WhiteFideId "2012901"]
[BlackFideId "3601234"]
[WhiteElo "2109"]
[BlackElo "2235"]
[Result "0-1"]
[Round "08"]
[TimeControl "180+1"]
[Date "2022.11.09"]
[WhiteClock "0:00:02"]
[BlackClock "0:00:52"]

1. Nf3 c5 2. c4 g6 3. g3 Bg7 4. Bg2 Nc6 5. O-O e6 6. d3 Nge7 7. Nc3 O-O 8. Bg5 h6 9. Be3 b6 10. d4 Nf5 11. dxc5 Nxe3 12. fxe3 bxc5 13. e4 Rb8 14. Rb1 Ba6 15. Qa4 Qa5 16. Qd1 Rfd8 17. Nb5 Bxb5 18. cxb5 Qxb5 19. e5 Nxe5 20. Nxe5 Bxe5 21. Qd2 Bg7 22. b3 d5 23. Qf4 Rb7 24. e4 Qb4 25. Rbd1 Rbd7 26. h4 dxe4 27. Rxd7 Rxd7 28. h5 g5 29. Qxe4 Qxe4 30. Bxe4 Rd2 31. a4 f5 32. Bc6 Kf7 33. Bb5 Bd4+ 34. Kh1 Kf6 35. Bc4 g4 36. Re1 e5 37. Rf1 Kg5 38. Be6 f4 39. gxf4+ exf4 40. Bf7 f3 41. Bg6 Kf4 42. Re1 Kg3 0-1


[Site "https://www.chess.com"]

[Event "Titled Tuesday Blitz November 08 Early 2022"]
[White "Salinas Herrera, Pablo"]
[Black "Bluebaum, Matthias"]
[WhiteFideId "3407128"]
[BlackFideId "24651516"]
[WhiteElo "2557"]
[BlackElo "2633"]
[Result "0-1"]
[Round "08"]
[TimeControl "180+1"]
[Date "2022.11.08"]
[WhiteClock "0:00:09"]
[BlackClock "0:00:09"]

1. d4 Nf6 2. c4 e6 3. Nc3 Bb4 4. e3 c5 5. Bd2 cxd4 6. exd4 d5 7. c5 Nc6 8. a3 Bxc3 9. Bxc3 Ne4 10. Rc1 Qh4 11. g3 Qf6 12. Nf3 O-O 13. Bg2 b6 14. cxb6 axb6 15. O-O Ba6 16. Re1 Rfc8 17. Re3 Rc7 18. Be1 Rac8 19. Qa4 Bb7 20. Ne5 h6 21. Nxc6 Bxc6 22. Qb4 b5 23. f3 Qg5 24. Qb3 Nd6 25. Rec3 Qe7 26. Rc5 Nc4 27. Bb4 Qf6 28. Qc3 Nb6 29. Qd2 Nc4 30. Qf2 Qd8 31. b3 Nd6 32. Bf1 Nb7 33. R5c2 Be8 34. Bd3 Rxc2 35. Rxc2 Rxc2 36. Qxc2 Nd6 37. Kf2 Nf5 38. Qc5 Kh7 39. g4 Qh4+ 40. Kg2 Qg5 41. h4 Qxh4 42. gxf5 exf5 43. Bxf5+ g6 44. Bd3 Bd7 45. Qd6 Bh3+ 46. Kg1 Qxd4+ 47. Kh2 Qxd3 48. Kxh3 Qxf3+ 49. Kh2 Qxb3 50. Qf6 Qc2+ 51. Kg3 Qd3+ 52. Kf2 Qc2+ 53. Kg3 Qd3+ 54. Kh2 Qe2+ 55. Kg3 Qe3+ 56. Kh2 Qe2+ 57. Kg3 Qe6 58. Qd4 g5 59. Bc3 Kg6 60. Qg7+ Kh5 61. Qd4 f5 62. Qd1+ Kg6 63. Qd4 f4+ 64. Kf2 Kf5 65. Qh8 Qe3+ 66. Kf1 Kg4 67. Bd4 Qd3+ 68. Ke1 Kf3 69. Qe5 Qe4+ 70. Kd2 Qxe5 71. Bxe5 h5 0-1


[Site "https://www.chess.com"]

[Event "Titled Tuesday Blitz November 08 Early 2022"]
[White "Salman, Pavel"]
[Black "Mazzilli, Piero"]
[WhiteFideId "24153753"]
[BlackFideId "807087"]
[WhiteElo "2187"]
[BlackElo "2294"]
[Result "1-0"]
[Round "08"]
[TimeControl "180+1"]
[Date "2022.11.09"]
[WhiteClock "0:00:26"]
[BlackClock "0:00:06"]

1. d4 d5 2. Nc3 e6 3. Bf4 Nf6 4. Nb5 Na6 5. e3 c6 6. Nc3 Bd6 7. Bxa6 bxa6 8. Nge2 a5 9. Qd3 Rb8 10. Na4 Rb4 11. b3 Bxf4 12. Nxf4 Ne4 13. O-O O-O 14. f3 Nd6 15. Nc5 Nb7 16. Na4 Nd6 17. c3 Rb5 18. e4 Ba6 19. Rf2 Qh4 20. Qe3 dxe4 21. fxe4 Rg5 22. g3 Qh6 23. Nc5 Bc8 24. e5 Nf5 25. Qf3 f6 26. Ne4 Nh4 27. Qe2 fxe5 28. Nxg5 exf4 29. gxh4 Qxh4 30. Nf3 Qh3 31. Rg2 c5 32. Rf1 Bb7 33. dxc5 Kh8 34. Ng5 Qxg2+ 35. Qxg2 Bxg2 36. Kxg2 Rf5 37. Nxe6 Re5 38. Rxf4 g5 39. Rf8# 1-0


[Site "https://www.chess.com"]

[Event "Titled Tuesday Blitz November 08 Early 2022"]
[White "Sanchez, Robert"]
[Black "Parpiev, Isaak"]
[WhiteFideId "2034360"]
[BlackFideId "34281576"]
[WhiteElo "2392"]
[BlackElo "2094"]
[Result "0-1"]
[Round "08"]
[TimeControl "180+1"]
[Date "2022.11.09"]
[WhiteClock "0:01:08"]
[BlackClock "0:01:31"]

1. e4 e5 2. Nf3 Nc6 3. Bb5 a6 4. Ba4 Nf6 5. d3 b5 6. Bb3 Be7 7. c3 O-O 8. O-O Bb7 9. h3 h6 10. Qe2 Re8 11. Rd1 d5 12. Nbd2 Bc5 13. exd5 Nxd5 14. Ne4 Bb6 15. Qc2 Na5 16. Bd2 Nxb3 17. Qxb3 Nf6 18. Qc2 Nxe4 19. dxe4 Qf6 20. Re1 Qg6 21. Kh1 Bxf2 22. Rf1 Bxe4 23. Qb3 Bxf3 24. Rxf2 Be4 25. Raf1 Rf8 26. Be3 c6 27. Bc5 Bd5 28. Qb4 Rfe8 29. b3 Qd3 30. Bd6 Qxh3+ 31. Kg1 Qd3 32. Qg4 e4 33. Bf4 e3 34. Re2 Re6 0-1


[Site "https://www.chess.com"]

[Event "Titled Tuesday Blitz November 08 Early 2022"]
[White "Sarana, Alexey"]
[Black "Krzyzanowski, Marcin"]
[WhiteFideId "24133795"]
[BlackFideId "1132199"]
[WhiteElo "2708"]
[BlackElo "2435"]
[Result "1-0"]
[Round "08"]
[TimeControl "180+1"]
[Date "2022.11.08"]
[WhiteClock "0:00:02"]
[BlackClock "0:00:02"]

1. c4 e5 2. Nc3 Nf6 3. Nf3 Nc6 4. g3 d5 5. cxd5 Nxd5 6. Bg2 Nb6 7. O-O Be7 8. d3 O-O 9. a3 Re8 10. b4 Bf8 11. Bg5 f6 12. Be3 a5 13. bxa5 Rxa5 14. Nd2 Nd4 15. Nb3 Ra8 16. a4 Be6 17. Bxd4 exd4 18. Nb5 Bd5 19. N5xd4 Bxg2 20. Kxg2 Rxa4 21. Rxa4 Nxa4 22. Qc2 Nb6 23. e4 c5 24. Nf3 Qc7 25. Rb1 c4 26. Na5 Rc8 27. d4 c3 28. Qb3+ Nc4 29. Nxb7 c2 30. Rc1 Kh8 31. Nc5 Bxc5 32. Rxc2 Bf8 33. Ra2 Nd6 34. e5 Qc4 35. Qb1 Nb5 36. Rd2 Nc3 37. Qf5 Nd5 38. exf6 gxf6 39. h4 Qc6 40. Kh2 Re8 41. Rc2 Qe6 42. Qd3 Qe4 43. Qb3 Bd6 44. Kg2 Rg8 45. Kf1 Bxg3 46. Re2 Qg4 47. fxg3 Qxg3 48. Qxd5 Qh3+ 49. Kf2 Qg3+ 50. Kf1 Rc8 51. Rd2 Qh3+ 52. Ke2 Qg2+ 53. Ke3 Qg3 54. Qe4 1-0


[Site "https://www.chess.com"]

[Event "Titled Tuesday Blitz November 08 Early 2022"]
[White "Savic, Miomir"]
[Black "Hernandez Gonzalez, William"]
[WhiteFideId "934550"]
[BlackFideId "3509915"]
[WhiteElo "2122"]
[BlackElo "2374"]
[Result "1-0"]
[Round "08"]
[TimeControl "180+1"]
[Date "2022.11.09"]
[WhiteClock "0:01:39"]
[BlackClock "0:00:37"]

1. d4 Nf6 2. Bg5 e6 3. e4 h6 4. Bxf6 Qxf6 5. Nf3 d5 6. Nc3 Bb4 7. Bd3 dxe4 8. Bxe4 c5 9. O-O cxd4 10. Qxd4 Qxd4 11. Nxd4 a6 12. Na4 Nd7 13. a3 Be7 14. c4 Rb8 15. b4 O-O 16. Rad1 Rd8 17. Nf3 b5 18. cxb5 axb5 19. Nc3 Bf6 20. Nd4 Ne5 21. Ndxb5 Ba6 22. Rxd8+ Bxd8 23. Rd1 Bf6 24. Nd6 Be7 25. b5 Bc8 26. f4 Ng4 27. a4 Ne3 28. Rd3 Nd5 29. Nxc8 Ra8 1-0


[Site "https://www.chess.com"]

[Event "Titled Tuesday Blitz November 08 Early 2022"]
[White "Schmidt, Tobias"]
[Black "Carbone, Diego"]
[WhiteFideId "1271683"]
[BlackFideId "3002179"]
[WhiteElo "2328"]
[BlackElo "2265"]
[Result "1-0"]
[Round "08"]
[TimeControl "180+1"]
[Date "2022.11.09"]
[WhiteClock "0:00:18"]
[BlackClock "0:00:03"]

1. d3 d5 2. Nf3 Nf6 3. g3 c5 4. Bg2 Nc6 5. O-O g6 6. Nbd2 Bg7 7. e4 d4 8. a4 O-O 9. Nc4 Ne8 10. a5 e5 11. Qe2 Be6 12. Bd2 Nd6 13. Ra4 Nxc4 14. dxc4 Qd7 15. Rfa1 f6 16. b3 Rad8 17. Ne1 Bh3 18. Nd3 Bxg2 19. Kxg2 Qd6 20. h4 f5 21. h5 Bf6 22. hxg6 hxg6 23. Rh1 Bg7 24. Raa1 f4 25. f3 fxg3 26. Rh3 Rf7 27. Rxg3 Rdf8 28. Rg1 Ne7 29. Kh2 Bf6 30. Bh6 Rh7 31. Rh3 Rff7 32. Rg4 b6 33. a6 Qe6 34. Qg2 Bg7 35. Bg5 Rxh3+ 36. Qxh3 Nc6 37. Qg2 Nb4 38. Nxb4 cxb4 39. Bd2 Kh7 40. Qh3+ Kg8 41. Qg2 Kh7 42. Bxb4 Rf4 43. Qh3+ Bh6 44. Rxf4 Qxh3+ 45. Kxh3 Bxf4 46. Kg4 Kg7 47. Bd6 Kf6 48. Bb8 d3 49. cxd3 Be3 50. Bxa7 g5 51. Bb8 b5 52. cxb5 1-0


[Site "https://www.chess.com"]

[Event "Titled Tuesday Blitz November 08 Early 2022"]
[White "Seletsky, Grigory"]
[Black "Dahlgren, James Allen"]
[WhiteFideId "14112191"]
[BlackFideId "22256873"]
[WhiteElo "2492"]
[BlackElo "2201"]
[Result "1/2-1/2"]
[Round "08"]
[TimeControl "180+1"]
[Date "2022.11.09"]
[WhiteClock "0:00:16"]
[BlackClock "0:00:08"]

1. b3 e6 2. Bb2 c5 3. e4 Nf6 4. e5 Nd5 5. c4 Nb6 6. d4 cxd4 7. Qxd4 Nc6 8. Qe4 d5 9. exd6 Qxd6 10. Nf3 f5 11. Qe2 Bd7 12. Nc3 O-O-O 13. g3 e5 14. Nb5 Qb8 15. Nxe5 Bb4+ 16. Nc3 Qxe5 17. Qxe5 Nxe5 18. O-O-O Bc6 19. Bh3 Bxh1 20. Bxf5+ Kb8 21. Rxh1 Nd3+ 22. Bxd3 Rxd3 23. Nb5 a6 24. Bxg7 Re8 25. Nd4 Bc3 26. Kc2 Bxd4 27. Kxd3 Bxg7 28. f4 Kc7 29. g4 a5 30. h4 Kd6 31. f5 Kc5 32. g5 Bd4 33. f6 Re3+ 34. Kc2 Rf3 35. Re1 a4 36. Re7 Rc3+ 37. Kd2 axb3 38. axb3 Rxb3 39. f7 Nxc4+ 40. Ke2 Rb2+ 41. Ke1 Rf2 42. Rxb7 Nd6 43. f8=Q Rxf8 44. Rxh7 Kc4 45. g6 Kd3 46. Rc7 Rh8 47. Rh7 Rxh7 48. gxh7 Ne4 49. h5 Ke3 50. Kf1 Kf3 51. h6 Kg4 52. Kg2 Ng5 53. Kh2 Nxh7 54. Kg2 Be3 55. Kh2 Bxh6 56. Kg2 Nf6 57. Kh2 Bf4+ 58. Kg2 Nh5 59. Kf2 Ng3 60. Ke1 Kf3 61. Kd1 Ke3 62. Kc2 Ne4 63. Kb3 Be5 64. Kc4 Bd4 65. Kd5 Bc3 66. Kc6 Kd4 67. Kb5 Nc5 68. Kc6 Kc4 69. Kb6 Be5 70. Kc6 Kd4 71. Kb5 Kd5 72. Kb6 Nd7+ 73. Kb7 Kd6 74. Ka8 Kc7 75. Ka7 Nb6 76. Ka6 Kc6 77. Ka5 Bd6 78. Ka6 Nd5 79. Ka7 Nc7 80. Kb8 Nb5+ 81. Ka8 Kb6 1/2-1/2


[Site "https://www.chess.com"]

[Event "Titled Tuesday Blitz November 08 Early 2022"]
[White "Sernecki, Franciszek"]
[Black "Terzi, Alexei"]
[WhiteFideId "1169297"]
[BlackFideId "13505076"]
[WhiteElo "2210"]
[BlackElo "2172"]
[Result "0-1"]
[Round "08"]
[TimeControl "180+1"]
[Date "2022.11.09"]
[WhiteClock "0:00:44"]
[BlackClock "0:00:07"]

1. c4 c5 2. Nc3 Nc6 3. g3 g6 4. Bg2 Bg7 5. Nf3 e5 6. e3 Nge7 7. d4 cxd4 8. exd4 exd4 9. Nb5 O-O 10. Nbxd4 d5 11. Nxc6 bxc6 12. cxd5 Nxd5 13. O-O Qb6 14. Qa4 Re8 15. Nd2 Ba6 16. Nc4 Qb5 17. Qxb5 Bxb5 18. Bxd5 cxd5 19. Nd6 Bxf1 20. Nxe8 Bh3 21. Nxg7 Kxg7 22. Be3 a6 23. Rc1 Rd8 24. Bd4+ Kh6 25. f4 Re8 26. Kf2 Bg4 27. Re1 Rc8 28. Bc3 f5 29. Rc1 Rc4 30. Bd2 Rd4 31. Be3 Rd3 32. Rc2 d4 33. Bd2 Rf3+ 34. Kg2 Rd3 35. Ba5 Rd1 36. h3 Bh5 37. Bb4 Kg7 38. Rc7+ Kf6 39. Rxh7 Rb1 40. Rd7 Rxb2+ 41. Kf1 Rxb4 42. Rd6+ Ke7 43. Rxa6 Rb2 44. a4 d3 45. Ra7+ Kd6 46. g4 d2 47. Ke2 fxg4 48. hxg4 Bxg4+ 0-1


[Site "https://www.chess.com"]

[Event "Titled Tuesday Blitz November 08 Early 2022"]
[White "Shipov, Sergei"]
[Black "Paszewski, Mateusz"]
[WhiteFideId "4113624"]
[BlackFideId "1141058"]
[WhiteElo "2790"]
[BlackElo "2263"]
[Result "1-0"]
[Round "08"]
[TimeControl "180+1"]
[Date "2022.11.09"]
[WhiteClock "0:00:14"]
[BlackClock "0:00:04"]

1. d4 d5 2. c4 c6 3. Nc3 Nf6 4. Nf3 e6 5. e3 Nbd7 6. Qc2 Bd6 7. b3 O-O 8. Be2 b6 9. O-O Bb7 10. Bb2 Qe7 11. Rfe1 Rfe8 12. e4 dxe4 13. Nxe4 Nxe4 14. Qxe4 f5 15. Qc2 c5 16. Rad1 Be4 17. Qc3 Rad8 18. h3 cxd4 19. Qxd4 Bc5 20. Qd2 Bb4 21. Bc3 Nc5 22. Nd4 Bxc3 23. Qxc3 Qg5 24. Bf1 Bb7 25. Nf3 Qf6 26. Qe3 Ne4 27. Bd3 f4 28. Qc1 Ng5 29. Nxg5 Qxg5 30. Be4 Rxd1 31. Qxd1 Rd8 32. Qf3 Bxe4 33. Qxe4 e5 34. b4 Rd2 35. c5 bxc5 36. bxc5 Qe7 37. Qc4+ Kf8 38. c6 Rd8 39. c7 Rc8 40. Rc1 Qd6 41. Qb5 Ke7 42. Qb7 Kd7 43. Qb5+ Ke7 44. Re1 Rxc7 45. Rxe5+ Kf6 46. Rf5+ Kg6 47. Rg5+ Kf6 48. Qf5+ Ke7 49. Rxg7+ 1-0


[Site "https://www.chess.com"]

[Event "Titled Tuesday Blitz November 08 Early 2022"]
[White "Silvestre, Christian"]
[Black "Joubert, Dantelle"]
[WhiteFideId "30956269"]
[BlackFideId "14310813"]
[WhiteElo "2312"]
[BlackElo "1507"]
[Result "1-0"]
[Round "08"]
[TimeControl "180+1"]
[Date "2022.11.09"]
[WhiteClock "0:01:10"]
[BlackClock "0:01:03"]

1. e4 e5 2. Nc3 Nf6 3. Bc4 Bc5 4. d3 Nc6 5. Nge2 d6 6. Be3 Bb6 7. h3 Be6 8. Bb3 d5 9. exd5 Nxd5 10. Nxd5 Bxd5 11. O-O O-O 12. Ng3 Bxb3 13. axb3 f5 14. Bxb6 axb6 15. Rxa8 Qxa8 16. c3 Qe8 17. b4 Qf7 18. Re1 b5 19. Qh5 g6 20. Qg5 Qf6 21. Qh6 Qg7 22. Qg5 Qf6 23. Qxf6 Rxf6 24. Kf1 Rf8 25. Ra1 Rd8 26. Ke2 Kf7 27. Nf1 g5 28. Nd2 Kf6 29. Nb3 b6 30. Nd2 h5 31. Nf1 g4 32. hxg4 hxg4 33. Ne3 Rh8 34. Nd5+ Ke6 35. Nxc7+ Kd6 36. Nxb5+ Ke6 37. Nc7+ Kd6 38. Nb5+ Ke6 39. g3 f4 40. gxf4 exf4 41. Rg1 Kf5 42. Nd6+ Kg5 43. Nf7+ 1-0


[Site "https://www.chess.com"]

[Event "Titled Tuesday Blitz November 08 Early 2022"]
[White "Simonovic, Miroslav"]
[Black "Kohler, Aran"]
[WhiteFideId "919152"]
[BlackFideId "1002856"]
[WhiteElo "2043"]
[BlackElo "2351"]
[Result "1/2-1/2"]
[Round "08"]
[TimeControl "180+1"]
[Date "2022.11.09"]
[WhiteClock "0:00:46"]
[BlackClock "0:00:16"]

1. d4 d5 2. Bg5 h6 3. Bh4 Bf5 4. e3 Nd7 5. Bd3 Bxd3 6. Qxd3 Ngf6 7. Bxf6 Nxf6 8. Qb5+ Nd7 9. Qxb7 Rb8 10. Qxd5 Rxb2 11. Ne2 e6 12. Qc6 Bb4+ 13. c3 Bd6 14. c4 Bb4+ 15. Nec3 Rxb1+ 16. Rxb1 Bxc3+ 17. Ke2 O-O 18. Rb7 Ba5 19. Rxa7 Bb6 20. Ra4 Nb8 21. Qb7 c6 22. c5 Bc7 23. Ra7 Ba5 24. Rb1 Bc3 25. Ra8 Qg5 26. Rxb8 Rxb8 27. Qxb8+ Kh7 28. Qb3 Ba5 29. Kf1 Bc7 30. Qd3+ g6 31. Rb7 Qd8 32. Qa6 Kg7 33. Qa7 Qd5 34. Rxc7 Qc4+ 35. Ke1 Qc3+ 36. Ke2 Qc2+ 37. Kf3 Qf5+ 38. Ke2 Qc2+ 39. Ke1 Qc1+ 40. Ke2 Qc2+ 1/2-1/2


[Site "https://www.chess.com"]

[Event "Titled Tuesday Blitz November 08 Early 2022"]
[White "Sreyas Payyappat"]
[Black "Zainullina, Nataliya"]
[WhiteFideId "46674969"]
[BlackFideId "4145488"]
[WhiteElo "2083"]
[BlackElo "2099"]
[Result "1-0"]
[Round "08"]
[TimeControl "180+1"]
[Date "2022.11.09"]
[WhiteClock "0:02:53"]
[BlackClock "0:02:45"]

1. e4 c6 2. d4 d5 3. Nc3 dxe4 4. Nxe4 Nf6 5. Nxf6+ exf6 6. Bc4 Bd6 7. Qe2+ Qe7 8. Qxe7+ Bxe7 9. Ne2 Bf5 10. c3 O-O 11. O-O Nd7 12. Ng3 Bg6 13. Bf4 Nb6 14. Bb3 Rad8 15. Rfe1 Bd6 16. Bxd6 Rxd6 17. Re7 Rd7 18. Rae1 Rfd8 19. Re8+ 1-0


[Site "https://www.chess.com"]

[Event "Titled Tuesday Blitz November 08 Early 2022"]
[White "Streltsov, Alexey"]
[Black "Sibilio, Mario"]
[WhiteFideId "24104434"]
[BlackFideId "800422"]
[WhiteElo "2580"]
[BlackElo "2251"]
[Result "1-0"]
[Round "08"]
[TimeControl "180+1"]
[Date "2022.11.09"]
[WhiteClock "0:00:14"]
[BlackClock "0:00:01"]

1. d4 d6 2. e4 Nf6 3. Nc3 g6 4. Bf4 Nc6 5. Qd2 h6 6. O-O-O Bg7 7. f3 a6 8. h4 Nh5 9. Be3 Ng3 10. Rh2 Nxf1 11. Rxf1 e5 12. Nge2 b5 13. Rd1 Bb7 14. Rhh1 exd4 15. Nxd4 Ne5 16. Bf4 Nc4 17. Qf2 c5 18. Nb3 Bxc3 19. bxc3 Qf6 20. Bd2 a5 21. Kb1 b4 22. e5 Nxe5 23. Rhe1 O-O 24. Bxh6 Nc4 25. Rd3 Rfe8 26. Rh1 a4 27. Nxc5 dxc5 28. Qxc5 Na3+ 29. Kb2 Re2 30. Qxb4 Nxc2 31. Qxb7 Nb4+ 32. Rd2 Nd3+ 33. Kc2 Rxd2+ 34. Bxd2 Rd8 35. Qe4 Nc5 36. Qc4 Qf5+ 37. Kc1 Nd3+ 38. Kb1 Nf2+ 39. Ka1 Rxd2 40. Rb1 Rd1 41. Rxd1 Nxd1 42. Qxa4 Qd3 43. Qa8+ Kh7 44. Qc6 Nxc3 45. Kb2 Nd1+ 46. Kc1 Nc3 47. Kb2 1-0


[Site "https://www.chess.com"]